 Dungeon Crawl Stone Soup version 0.19.1-28-ge1247f7 (webtiles) character file.

900 Messajah the Cleaver (level 7, -7/57 HPs)
             Began as a Minotaur Fighter on Jan 21, 2017.
             Mangled by a mummy (15 damage)
             ... in an ossuary.
             The game lasted 00:18:56 (2976 turns).

Messajah the Cleaver (Minotaur Fighter)             Turns: 2976, Time: 00:18:57

Health: -7/57      AC:  9    Str: 22    XL:     7   Next: 79%
Magic:  6/6        EV:  7    Int:  5    God:
Gold:   187        SH:  0    Dex: 10    Spells: 0 memorised, 6 levels left

rFire  . . .     SeeInvis .     a - +0 war axe
rCold  . . .     Gourm    .     q - +0 chain mail
rNeg   . . .     Faith    +     (no shield)
rPois  .         Spirit   .     (helmet restricted)
rElec  .         Reflect  .     (no cloak)
rCorr  .         Harm     .     (no gloves)
MR     .....                    (no boots)
Stlth  ..........               s - amulet of faith (curse)
                                (no ring)
                                g - ring of stealth

@: no status effects
A: retaliatory headbutt, horns 2
a: no special abilities


You were in an ossuary.
You were not hungry.

You visited 1 branch of the dungeon, and saw 5 of its levels.
You also visited: Ossuary.

You collected 187 gold pieces.

Inventory:

Hand Weapons
 a - a +0 war axe (weapon)
Armour
 q - a +0 chain mail (worn)
Jewellery
 g - a ring of stealth (left hand)
 k - an uncursed amulet of the gourmand
 s - a cursed amulet of faith (around neck)
 y - an uncursed amulet of guardian spirit {unknown}
Wands
 o - a wand of polymorph (13/24)
 u - a wand of lightning (9/15)
 x - a wand of slowing (27/48)
Scrolls
 i - 7 scrolls of identify {unknown}
 j - a scroll of amnesia {unknown}
 n - a scroll of enchant weapon {unknown}
 p - 2 scrolls of remove curse {unknown}
 r - a scroll of enchant armour {unknown}
Potions
 b - a potion of agility {unknown}
 d - 2 potions of might
 e - a potion of invisibility {unknown}
 h - a potion of lignification {unknown}
 l - a potion of heal wounds {unknown}
 m - a potion of degeneration {unknown}
 t - a potion of brilliance {unknown}
 v - a potion of berserk rage {unknown}
Comestibles
 c - 2 meat rations
 f - 2 bread rations


   Skills:
 - Level 3.6 Fighting
 + Level 10.8 Axes
 - Level 3.6 Armour
   Level 3.6 Shields


You had 6 spell levels left.
You didn't know any spells.

Dungeon Overview and Level Annotations

Branches:
Dungeon (6/15)
 Temple: D:4-7

Altars:
Elyvilon
Gozag

Shops:
D:2 *   D:5 %}=


Innate Abilities, Weirdness & Mutations

You reflexively headbutt those who attack you in melee.
You have a pair of horns on your head.


Message History

You are too injured to fight recklessly!
You slash the hornet zombie! Your headbutt misses the hornet zombie.
The hornet zombie is severely damaged.
The hornet zombie barely misses you.
You slice the hornet zombie!!
You destroy the hornet zombie!
You start resting.
A mummy comes into view.
A mummy is nearby!
There is an empty arch of ancient stone, spattered with blood here.
You enter the shallow water.
Moving in this stuff is going to be slow.
Your unstable footing causes you to fumble your attack.
Your unstable footing causes you to fumble your attack.
The mummy hits you!
* * * LOW HITPOINT WARNING * * *
You barely miss the mummy. Your headbutt misses the mummy.
You feel a little less mighty now. The mummy hits you!
You die...

## ## ≈≈ #≈#
≈# ≈## ≈≈≈
≈≈##≈≈#
≈≈##≈≈#≈≈#
#.#P≈.≈P#
≈#'#.≈.≈.≈.#≈#
.≈.≈..M≈≈≈≈≈.#
##@## #...#
#.∩.# #∩..#
#####


You could see a mummy.

Vanquished Creatures
  A hornet zombie (Ossuary)
  An elf zombie (D:6)
  A bullfrog (D:6)
  A water moccasin zombie (Ossuary)
  6 bullfrog zombies (Ossuary)
  2 crimson imps
  A hound (D:6)
  A jelly (D:5)
  2 human skeletons (D:6)
  5 mummies (Ossuary)
  A howler monkey zombie (Ossuary)
  5 adders
  An ooze (D:6)
  An adder skeleton (D:6)
  A dart slug (D:1)
  5 leopard geckos
  10 orcs (D:3)
  3 giant cockroaches
  4 goblins (D:1)
  4 hobgoblins
  8 jackals
  10 kobolds
  A quokka (D:2)
  3 ball pythons
  6 bats
  2 frilled lizards (D:2)
  A jackal zombie (Ossuary)
  An orc skeleton (D:6)
  2 orc zombies (D:6)
  7 rats
97 creatures vanquished.

Vanquished Creatures (others)
  2 withered plants (Ossuary)
2 creatures vanquished.

Grand Total: 99 creatures vanquished

Notes
Turn   | Place    | Note
-------+----------+-------------------------------------------
     0 | D:1      | Messajah the Minotaur Fighter began the quest for the Orb.
     0 | D:1      | Reached XP level 1. HP: 19/19 MP: 0/0
   124 | D:1      | Reached skill level 3 in Axes
   138 | D:1      | Reached XP level 2. HP: 23/26 MP: 1/1
   382 | D:1      | Reached skill level 4 in Axes
   630 | D:2      | Found Gozag's Platinum Reserve.
   644 | D:2      | Found an opulent altar of Gozag.
   651 | D:2      | Reached XP level 3. HP: 30/31 MP: 2/2
   772 | D:2      | Found a white marble altar of Elyvilon.
  1069 | D:2      | Reached skill level 5 in Axes
  1299 | D:2      | Reached XP level 4. HP: 39/39 MP: 3/3
  1630 | D:3      | Reached skill level 6 in Axes
  1642 | D:3      | You fall through a shaft for 2 floors!
  1642 | D:5      | Entered Level 5 of the Dungeon
  1975 | D:5      | Found Budommau's Food Shoppe.
  2003 | D:5      | Found Cuuj Umeka's Gadget Shoppe.
  2043 | D:5      | Found Bemmuthroi's Jewellery Boutique.
  2057 | D:5      | Reached XP level 5. HP: 41/45 MP: 4/4
  2111 | D:5      | Noticed an ogre
  2229 | D:6      | Reached skill level 7 in Axes
  2326 | D:6      | Reached XP level 6. HP: 46/51 MP: 5/5
  2553 | D:6      | Reached skill level 8 in Axes
  2581 | D:6      | Found a sand-covered staircase.
  2622 | Ossuary  | Entered an ossuary
  2632 | Ossuary  | Reached skill level 9 in Axes
  2661 | Ossuary  | Reached XP level 7. HP: 36/57 MP: 6/6
  2771 | Ossuary  | Reached skill level 10 in Axes
  2976 | Ossuary  | Mangled by a mummy

Skill      XL: |  1  2  3  4  5  6  7 |
---------------+----------------------+-----
Axes           | 3 4 5 6 7 9 10 | 10.8
Fighting       | |  3.6
Armour         | |  3.6
Shields        | |  3.6

Action                   |  1- 3 |  4- 6 |  7- 9 || total
-------------------------+-------+-------+-------++-------
Melee: War axe           |    93 |   126 |    56 ||   275
       Headbutt          |    14 |    17 |    14 ||    45
  Use: Potion            |       |       |     1 ||     1
  Eat: Chunk             |     3 |     4 |       ||     7
       Bread ration      |       |       |     1 ||     1
Armor: Scale mail        |    20 |       |       ||    20
       Chain mail        |    50 |    68 |    30 ||   148
Dodge: Dodged            |    56 |    48 |    15 ||   119
